 Dungeon Crawl Stone Soup version 0.17-a0-1731-g129c023 (webtiles) character file.

987 kae the Cleaver (level 8, -11/64 HPs)
             Began as a Hill Orc Fighter on Aug 29, 2015.
             Killed from afar by a steam dragon (15 damage)
             ... with a ball of steam
             ... on level 5 of the Dungeon.
             The game lasted 00:03:52 (4417 turns).

kae the Cleaver (Hill Orc Fighter)                  Turns: 4417, Time: 00:03:52

Health: -11/64     AC:  8    Str: 21    XL:     8   Next: 18%
Magic:  8/8        EV:  7    Int:  8    God:
Gold:   287        SH:  9    Dex: 12    Spells: 0 memorised, 7 levels left

rFire  . . .     SeeInvis +     a - +0 war axe
rCold  . . .     Clarity  .     b - +0 scale mail
rNeg   . . .     SustAt   .     c - +0 shield
rPois  .         Gourm    .     F - +0 helmet
rElec  .         Spirit   .     f - -1 cloak (curse)
rCorr  .         Warding  .     (no gloves)
rMut   .         Stasis   .     (no boots)
MR     .....                    (no amulet)
Stlth  ..........               r - ring of see invisible
                                s - +2 ring of dexterity

@: very slightly contaminated, hasted, very quick, not resistant to hostile
enchantments, extremely unstealthy
A: no striking features
a: no special abilities


You were on level 5 of the Dungeon.
You were very hungry.

You visited 1 branch of the dungeon, and saw 5 of its levels.

You collected 287 gold pieces.

Inventory:

Hand weapons
 a - a +0 war axe (weapon)
Armour
 b - a +0 scale mail (worn)
 c - a +0 shield (worn)
 f - a cursed -1 cloak (worn)
 F - a +0 helmet (worn)
Jewellery
 j - a +2 ring of evasion
 r - a ring of see invisible (right hand)
 s - a +2 ring of dexterity (left hand)
Magical devices
 D - a wand of lightning (8)
Scrolls
 g - 6 scrolls of identify {unknown}
 h - a scroll of fear {unknown}
 l - a scroll of recharging {unknown}
 m - 3 scrolls of remove curse {unknown}
 p - a scroll of teleportation {unknown}
 q - a scroll of enchant weapon {unknown}
 v - a scroll of blinking {unknown}
 y - a scroll of noise {unknown}
 C - a scroll of fog {unknown}
 E - a scroll of random uselessness {unknown}
Potions
 k - a potion of lignification {unknown}
 n - 2 potions of haste
 t - a potion of flight {unknown}
 u - 2 potions of brilliance {unknown}
 w - 2 potions of berserk rage {unknown}
 x - 2 potions of heal wounds {unknown}
 A - a potion of ambrosia {unknown}
 B - a potion of curing {unknown}
Books
 d - a Young Poisoner's Handbook

   Spells                             Type                      Level
   a - Sting                          Conjuration/Poison           1
   b - Cure Poison                    Poison                       2
   c - Mephitic Cloud                 Conjuration/Poison/Air       3
   d - Olgreb's Toxic Radiance        Poison                       4
   e - Venom Bolt                     Conjuration/Poison           5
Comestibles
 e - 3 bread rations
 i - 2 beef jerkies
 o - 6 fruits
 z - a meat ration


   Skills:
 - Level 3.6 Fighting
 + Level 12.0 Axes
 - Level 3.2 Armour
 - Level 3.2 Shields


You had 7 spell levels left.
You didn't know any spells.

Dungeon Overview and Level Annotations

Branches:
Dungeon (5/15)
 Temple: D:4-7

Altars:
Dithmenos
Elyvilon
Fedhas
Kikubaaqudgha
Trog
Xom
Zin

Annotations:
D:3 exclusion: oklob plant


Message History

Okay, then.
Really walk into that cloud of steam?
You are engulfed in a cloud of scalding steam.
* * * LOW HITPOINT WARNING * * *
The fungus is engulfed in a cloud of scalding steam.
Unknown command.
Unknown command.
Unknown command.
Unknown command.
Unknown command.
Drink which item? (? for menu, Esc to quit)
It was a potion of haste.
You feel yourself speed up. The steam dragon barely misses you.
The steam dragon claws you but does no damage.
The steam dragon is sucked into a shaft!
The shaft crumbles and collapses.
You are very lightly contaminated with residual magic.
The steam dragon breathes steam at you. The ball of steam hits you!
You die...

.....#+##.##.#...#.........#....#
.....#....##.#...#.........'....+
.....+...<'..'...'.........#....#
.....#+##+##+#...#.##.###'##.....
.................#.##+###..#.....
#...............####.......#.....
#........########P...........[...
≈#########PPP.P≈.≈P...####.######
P≈≈P≈≈P.≈≈.D..§§@..........#
..........≈.PPPP..≈........# ####
.^.PPP.#######≈≈≈P^.>......# #...
.#######...#.###P≈≈........# #.##
###..#.....#.#######.......# #.#
..#..#.....#.'..##+#....#+.###'##
..'..+.....'.#.....#....#..'.....
..##'#.....#.##.##.#....#+.###+##
...........#+##.##.+.......# #.#


There were no monsters in sight!

Vanquished Creatures
  The ghost of George the Ducker, an experienced MfIE (D:4)
  2 ogres
  2 centaur skeletons (D:5)
  A giant frog zombie (D:5)
  2 jellies (D:5)
  3 orc priests (D:4)
  An orc wizard (D:4)
  A worker ant (D:5)
  An iguana (D:4)
  2 giant frog skeletons
  A hound zombie (D:5)
  5 adders
  An ooze (D:4)
  An adder zombie (D:5)
  2 adder skeletons
  A worm (D:4)
  12 orcs
  6 giant cockroaches
  9 hobgoblins
  6 jackals (D:3)
  10 kobolds
  2 quokkas
  A ball python (D:4)
  10 bats
  2 giant geckos
  A giant newt (D:2)
  10 goblins
  A jackal zombie (D:1)
  A quokka zombie (D:1)
  8 rats
106 creatures vanquished.

Notes
Turn   | Place    | Note
--------------------------------------------------------------
     0 | D:1      | kae the Hill Orc Fighter began the quest for the Orb.
     0 | D:1      | Reached XP level 1. HP: 19/19 MP: 1/1
    98 | D:1      | Reached XP level 2. HP: 26/26 MP: 2/2
   296 | D:1      | Reached skill level 4 in Axes
   547 | D:1      | Reached XP level 3. HP: 31/31 MP: 3/3
   866 | D:2      | Reached skill level 5 in Axes
  1013 | D:2      | Reached XP level 4. HP: 31/39 MP: 4/4
  1247 | D:2      | Found a shimmering altar of Xom.
  1248 | D:2      | Found a shimmering altar of Xom.
  1251 | D:2      | Found a shimmering altar of Xom.
  1506 | D:3      | Reached skill level 6 in Axes
  1542 | D:3      | Found a bloodstained altar of Trog.
  1571 | D:3      | Found a white marble altar of Elyvilon.
  1750 | D:3      | Found a glowing silver altar of Zin.
  1751 | D:3      | Found a shadowy altar of Dithmenos.
  1806 | D:3      | Found a blossoming altar of Fedhas.
  1819 | D:3      | Noticed an oklob plant
  1867 | D:3      | Reached XP level 5. HP: 43/45 MP: 5/5
  1998 | D:3      | Found an ancient bone altar of Kikubaaqudgha.
  2146 | D:4      | Reached skill level 7 in Axes
  2617 | D:4      | Reached skill level 8 in Axes
  2617 | D:4      | Reached XP level 6. HP: 51/51 MP: 6/6
  2797 | D:4      | Noticed George's ghost (experienced MfIE)
  3171 | D:4      | Killed George's ghost
  3171 | D:4      | Reached skill level 10 in Axes
  3171 | D:4      | Reached XP level 7. HP: 29/57 MP: 7/7
  3609 | D:5      | Entered Level 5 of the Dungeon
  3800 | D:5      | Reached skill level 11 in Axes
  4221 | D:5      | Reached XP level 8. HP: 58/64 MP: 8/8
  4317 | D:5      | Reached skill level 12 in Axes
  4387 | D:5      | Noticed a steam dragon
  4389 | D:5      | Noticed a steam dragon
  4403 | D:5      | HP: 2/64 [steam dragon] (3)]
  4417 | D:5      | Killed from afar by a steam dragon

Vault maps used:
D:1:      saegor_arrival_fortress, minmay_misc_feat_pillars
D:2:      minmay_door_path, xom_redecorated
D:3:      tgw_fedhas, overflow_temple_1_default, kiku_gazebo_pond_becter,
          gammafunk_temple_overflow_wave, first_bread, bloody_trog
D:5:      kennysheep_steamy, gammafunk_temple_overflow_elements,
          minmay_door_square

Action                   |  1- 3 |  4- 6 |  7- 9 || total
-------------------------+-------+-------+-------++-------
Melee: War axe           |   116 |   172 |    77 ||   365
  Use: Potion            |       |     1 |     1 ||     2
  Eat: Chunk             |       |     7 |     2 ||     9
       Pizza             |       |       |     1 ||     1
